 Dungeon Crawl Stone Soup version 0.25.1-8-g42b30a86e7 (webtiles) character file.

Game seed: 13128754211904003637

6353 hawla the Thaumaturge (level 10, 0/81 HPs)
             Began as a Green Draconian Conjurer on Dec 4, 2020.
             Was a Follower of Vehumet.
             Slain by a two-headed ogre
             ... wielding a +0 giant spiked club
              (21 damage)
             ... on level 8 of the Dungeon.
             The game lasted 00:26:49 (9839 turns).

hawla the Thaumaturge (Green Draconian Conjurer)    Turns: 9839, Time: 00:26:49

Health: 0/81       AC:  9    Str:  9    XL:     10   Next: 65%
Magic:  18/32      EV: 13    Int: 19    God:    Vehumet [*.....]
Gold:   474        SH:  0    Dex: 13    Spells: 20/27 levels left

rFire    . . .     SeeInvis +   x - +4 whip of the Inferno {venom, Dex+2}
rCold    . . .     Gourm    .   (no shield)
rNeg     . . .     Faith    .   (armour unavailable)
rPois    +         Spirit   .   (helmet restricted)
rElec    .         Reflect  .   C - scarf {+Inv}
rCorr    .         Harm     .   h - +0 pair of gloves
MR       +....                  t - +0 pair of boots
Stlth    ++........             y - amulet of the acrobat
HPRegen  0.23/turn              B - ring of protection from magic
MPRegen  0.23/turn              v - ring of magical power

@: lightly drained
A: breathe noxious fumes, unfitting armour, horns 1, see invisible, poison
resistance, weak 1, cold-blooded, AC +7
a: Breathe Noxious Fumes, Renounce Religion, Evoke Invisibility


You were on level 8 of the Dungeon.
You worshipped Vehumet.
Vehumet was aware of your devotion.
You were not hungry.

You visited 2 branches of the dungeon, and saw 9 of its levels.

You collected 474 gold pieces.

Inventory:

Hand Weapons
 x - the +4 whip of the Inferno (weapon) {venom, Dex+2}
   (You took it off a centaur on level 5 of the Dungeon)

   It poisons the flesh of those it strikes.
   It affects your dexterity (+2).
Missiles
 e - 11 boomerangs (quivered)
 q - 12 poisoned darts
Armour
 h - a +0 pair of gloves (worn)
 t - a +0 pair of boots (worn)
 C - a scarf of invisibility (worn)
Jewellery
 i - an uncursed ring of see invisible
 v - a ring of magical power (right hand)
 y - an amulet of the acrobat (around neck)
 B - a ring of protection from magic (left hand)
Wands
 l - a wand of iceblast (7)
 o - a wand of acid (9)
 p - a wand of flame (22)
Scrolls
 a - 3 scrolls of amnesia
 c - 4 scrolls of remove curse
 f - 2 scrolls of enchant weapon {unknown}
 k - a scroll of fear {unknown}
 m - 2 scrolls of fog
 n - 2 scrolls of magic mapping
 w - a scroll of vulnerability {unknown}
 A - a scroll of identify
Potions
 d - a potion of invisibility
 g - a potion of brilliance
 j - 2 potions of flight
 r - a potion of curing
 s - a potion of stabbing
 u - a potion of degeneration {unknown}
Comestibles
 b - 18 rations


   Skills:
 + Level 5.2(4.9) Fighting
 + Level 3.2(2.9) Dodging
 + Level 2.3(1.9) Stealth
 - Level 9.4(9.0) Spellcasting
 + Level 5.8(5.5) Conjurations
 + Level 7.5(7.1) Translocations
   Level 6.6(6.3) Fire Magic
   Level 8.2(7.8) Poison Magic
 + Level 1.4(1.1) Evocations


You had 20 spell levels left.
You knew the following spells:

 Your Spells              Type           Power        Failure   Level  Hunger
a - Magic Dart            Conj           ####         1%          1    None
b - Searing Ray           Conj           ####..       1%          2    None
c - Iskenderun's Mystic   Conj/Tloc      ####....     6%          4    ###....

Your spell library contained the following spells:

 Spells                   Type           Power        Failure   Level  Hunger
 Foxfire                  Conj/Fire      ####         1%          1    None
 Dazzling Flash           Conj/Hex       ###...       8%          3    None
 Fulminant Prism          Conj/Hex       ###.......   26%         4    ###....


Dungeon Overview and Level Annotations

Branches:
Dungeon (8/15)             Temple (1/1) D:6
   Lair: D:8-11

Altars:
Ashenzari
Cheibriados
Dithmenos
Elyvilon
Fedhas
Gozag
Hepliaklqana
Kikubaaqudgha
Makhleb
Nemelex Xobeh
Okawaru
Qazlal
Ru
Sif Muna
Trog
Uskayaw
Vehumet
Xom
Yredelemnul
Zin
The Shining One


Innate Abilities, Weirdness & Mutations

You can breathe blasts of noxious fumes.
Your lurid green scales are hard. (AC +7)
You cannot fit into any form of body armour.
Your system is resistant to poisons. (rPois)
You are cold-blooded and may be slowed by cold attacks.
You have a pair of small horns on your head.
You have supernaturally acute eyesight. (SInv)
You are weak. (Str -2)


Message History

* * * LOW HITPOINT WARNING * * *
You feel drained.
Casting: Iskenderun's Mystic Blast (dangerous; 6% risk of failure)
Confirm with . or Enter, or press ? or * to list all spells.
You erupt in a blast of force!
The mystic blast hits the orc priest!
The orc priest is almost dead.
The orc priest is knocked back by the mystic blast.
The mystic blast hits the two-headed ogre!
The two-headed ogre is heavily wounded.
The two-headed ogre is knocked back by the mystic blast.
You close the door.
An orc priest opens the door.
Okay, then.
You fail to use your ability.
The orc priest calls upon Beogh to heal the orc priest.
The orc priest is healed somewhat.
The two-headed ogre barely misses you. x2
You fail to use your ability.
The orc priest calls upon Beogh to heal the orc priest.
The orc priest is healed somewhat.
The two-headed ogre hits you with a +0 giant spiked club!!
You die...

# #.# # ##.## ####
##.#.## ...## #.###.# +#
....#####.#.#### ...
.....#.....(...# ....
(......###.#.#.# .....
.......###.....###o.....
................@Oo.)(..
.....#.##.#....###.%....
....##.........# .....
....#####.###### ....
.#### #.# ... .# # +# .#
.# .#


You could see a two-headed ogre and 2 orc priests.

Vanquished Creatures
  Harold (D:7)
  2 two-headed ogres (D:8)
  Maggie (D:7)
  A hippogriff (D:8)
  A spriggan (D:7)
  A water moccasin (D:5)
  An ice beast (D:5)
  A sky beast (D:7)
  4 orc warriors
  4 ogres
  2 centaurs
  A water moccasin zombie (D:6)
  2 scorpions
  4 howler monkeys
  2 crimson imps
  A centaur zombie (D:7)
  4 hounds
  2 orc priests
  A centaur skeleton (D:5)
  6 orc wizards
  Natasha (thrice) (D:2)
  7 worker ants
  Robin (D:4)
  4 gnolls (D:3)
  5 adders
  A shadow imp (D:6)
  An ooze (D:4)
  2 adder skeletons (D:6)
  4 worms
  2 dart slugs (D:1)
  4 leopard geckos
  23 orcs
  2 ball pythons
  4 giant cockroaches
  9 goblins
  11 hobgoblins
  14 jackals
  A quokka (D:6)
  10 bats
  7 frilled lizards
  10 kobolds
  A quokka skeleton (D:7)
  3 rats
171 creatures vanquished.

Notes
Turn   | Place    | Note
-------+----------+-------------------------------------------
     0 | D:1      | hawla the Draconian Conjurer began the quest for the Orb.
     0 | D:1      | Reached XP level 1. HP: 14/14 MP: 3/3
   449 | D:1      | Reached XP level 2. HP: 12/20 MP: 0/5
   590 | D:1      | Learned a level 2 spell: Searing Ray
   760 | D:1      | Reached skill level 3 in Spellcasting
  1337 | D:1      | Reached XP level 3. HP: 26/26 MP: 4/7
  1800 | D:2      | Noticed Natasha
  1803 | D:2      | Killed Natasha
  1803 | D:2      | Reached skill level 4 in Spellcasting
  1803 | D:2      | Reached XP level 4. HP: 33/33 MP: 6/10
  1809 | D:2      | Learned a level 4 spell: Iskenderun's Mystic Blast
  1995 | D:2      | Noticed Natasha
  2005 | D:2      | Killed Natasha
  2570 | D:2      | Noticed Natasha
  2574 | D:2      | Killed Natasha
  2615 | D:2      | Found a faded altar of an unknown god.
  3111 | D:3      | Reached XP level 5. HP: 38/38 MP: 4/12
  3352 | D:3      | Reached skill level 1 in Translocations
  3564 | D:3      | Reached skill level 5 in Spellcasting
  4209 | D:4      | Reached XP level 6. HP: 45/45 MP: 6/13
  4559 | D:4      | Found a shadowy altar of Dithmenos.
  4791 | D:4      | Noticed Robin
  4798 | D:4      | Killed Robin
  5298 | D:4      | Your scales start taking on a lurid green colour.
  5298 | D:4      | Reached XP level 7. HP: 50/50 MP: 6/15
  5298 | D:4      | Gained mutation: Your system is resistant to poisons.
                  | (rPois) [Green Draconian growth]
  5408 | D:5      | Entered Level 5 of the Dungeon
  5413 | D:5      | Gained mutation: You have sharp toenails. [potion of
                  | mutation]
  5413 | D:5      | Gained mutation: You are resistant to electric shocks.
                  | (rElec) [potion of mutation]
  5413 | D:5      | Gained mutation: Your tail ends in a poisonous barb.
                  | [potion of mutation]
  5489 | D:5      | Found a burning altar of Makhleb.
  5517 | D:5      | Reached skill level 5 in Translocations
  5603 | D:5      | Reached skill level 6 in Spellcasting
  5644 | D:5      | Identified the +4 whip of the Inferno {venom, Dex+2}
  6117 | D:5      | Found a glowing golden altar of the Shining One.
  6117 | D:5      | Found a snail-covered altar of Cheibriados.
  6117 | D:5      | Found a stormy altar of Qazlal.
  6117 | D:5      | Found an opulent altar of Gozag.
  6256 | D:6      | Reached XP level 8. HP: 57/57 MP: 17/17
  6496 | D:6      | Found a staircase to the Ecumenical Temple.
  6530 | Temple   | Entered the Ecumenical Temple
  6687 | Temple   | Became a worshipper of Vehumet
  6946 | D:6      | Lost mutation: You are resistant to electric shocks.
                  | (rElec) [potion of mutation]
  6946 | D:6      | Lost mutation: Your tail ends in a poisonous barb. [potion
                  | of mutation]
  6946 | D:6      | Lost mutation: You have sharp toenails. [potion of
                  | mutation]
  6946 | D:6      | Gained mutation: You have a pair of small horns on your
                  | head. [potion of mutation]
  6946 | D:6      | Gained mutation: You are weak. (Str -2) [potion of
                  | mutation]
  6946 | D:6      | Gained mutation: You have supernaturally acute eyesight.
                  | (SInv) [potion of mutation]
  7506 | D:7      | Reached skill level 5 in Fighting
  7506 | D:7      | Reached skill level 8 in Spellcasting
  7506 | D:7      | Reached XP level 9. HP: 74/74 MP: 21/21
  7766 | D:7      | Reached * piety under Vehumet
  7766 | D:7      | Offered knowledge of Foxfire by Vehumet.
  8148 | D:7      | Noticed Harold
  8208 | D:7      | Killed Harold
  8208 | D:7      | Reached skill level 9 in Spellcasting
  8208 | D:7      | Reached skill level 1 in Evocations
  8208 | D:7      | Reached XP level 10. HP: 22/81 MP: 10/23
  8631 | D:7      | Reached skill level 5 in Conjurations
  8785 | D:7      | Noticed Maggie
  8795 | D:7      | Killed Maggie
  9111 | D:8      | Noticed a two-headed ogre
  9122 | D:8      | Killed a two-headed ogre
  9420 | D:8      | Found a hazy altar of Hepliaklqana.
  9691 | D:8      | Noticed a two-headed ogre
  9701 | D:8      | Killed a two-headed ogre
  9828 | D:8      | Noticed a two-headed ogre
  9839 | D:8      | Slain by a two-headed ogre

Illustrated notes

Levels and vault maps discovered:
D:1:      psy_arrival_dodecagon, layout_basic, minmay_pentomino_q2
D:2:      layout_loops_corners, chequers_ecumenical_altar_simple_redux,
          lightli_corner_chamber, uniq_natasha
D:3:      layout_basic, chequers_serial_rivers_micro_c
D:4:      layout_loops_ring, first_ration, grunt_dithmenos_smoke_and_mirrors,
          uniq_robin
D:5:      layout_gridville, minitemple
D:6:      layout_basic, temple_fountains
D:7:      layout_basic, the_bakery, uniq_harold, uniq_maggie
D:8:      layout_loops_corners, basic_altar
Temple:   eino_temple_scatter_basement

Skill      XL: |  1  2  3  4  5  6  7  8  9 10 |
---------------+-------------------------------+-----
Spellcasting   | 3 4 5 6 8 9 |  9.4
Translocations | 2 4 6 7 |  7.5
Fighting       | 5 |  5.2
Fire Magic     | 6 |  6.6
Poison Magic   | 8 |  8.2
Dodging        | 2 3 |  3.2
Evocations     | 1 |  1.4
Conjurations   | 5 |  5.8
Stealth        | 2 |  2.3

Action                   |  1- 3 |  4- 6 |  7- 9 | 10-12 || total
-------------------------+-------+-------+-------+-------++-------
Melee: Unarmed           |    31 |    22 |       |       ||    53
       Tailslap          |     2 |     1 |       |       ||     3
       Whip              |       |       |     6 |       ||     6
 Cast: Magic Dart        |    43 |    55 |    49 |    10 ||   157
       Searing Ray       |     8 |    38 |    63 |    21 ||   130
       Iskenderun's Myst |       |       |     8 |     6 ||    14
 Abil: Breathe Noxious F |       |       |     1 |       ||     1
Evoke: Wand              |       |       |     6 |       ||     6
  Use: Potion            |     1 |       |    10 |       ||    11
       Scroll            |     2 |     4 |     8 |     1 ||    15
  Eat: Chunk             |     3 |    11 |     9 |     3 ||    26
       Ration            |       |       |       |     1 ||     1
Armor: Skin              |     9 |    23 |    21 |     5 ||    58
Dodge: Dodged            |    21 |    45 |    87 |    30 ||   183
